 Dungeon Crawl Stone Soup version 0.17.1-1-g73c8601 (webtiles) character file.

25 Gargoyl the Digger (level 3, 19/19 HPs)
             Began as a Gargoyle Earth Elementalist on Jan 2, 2016.
             Quit the game on level 3 of the Dungeon.
             The game lasted 00:05:26 (1127 turns).

Gargoyl the Digger (Gargoyle Earth Elementalist)    Turns: 1127, Time: 00:05:26

Health: 19/19      AC:  6    Str: 11    XL:     3   Next: 4%
Magic:  5/7        EV: 12    Int: 16    God:
Gold:   91         SH:  0    Dex: 10    Spells: 3 memorised, 1 level left

rFire  . . .     SeeInvis .     a - +2 short sword (speed)
rCold  . . .     Clarity  .     h - +0 robe
rNeg   + . .     SustAt   .     (no shield)
rPois  ∞         Gourm    .     i - +0 helmet
rElec  +         Spirit   .     (no cloak)
rCorr  .         Warding  .     (no gloves)
rMut   .         Stasis   .     (no boots)
MR     .....                    (no amulet)
Stlth  ++........               (no ring)
                                (no ring)

@: not resistant to hostile enchantments, unstealthy
A: negative energy resistance 1, electricity resistance, unbreathing,
petrification resistance, rot immunity, AC +3
a: no special abilities


You were on level 3 of the Dungeon.
You were not hungry.

You visited 1 branch of the dungeon, and saw 3 of its levels.

You collected 91 gold pieces.

Inventory:

Hand Weapons
 a - a +2 short sword of speed (weapon)
 k - a +0 short sword
 s - a +0 spear of distortion
 u - a +0 club
Missiles
 b - 42 stones (quivered)
Armour
 h - a +0 robe (worn)
 i - a +0 helmet (worn)
 q - a +0 leather armour
Scrolls
 g - a scroll of remove curse {unknown}
 j - a scroll of identify {unknown}
 n - a scroll of enchant weapon {unknown}
 t - a scroll of enchant armour {unknown}
Potions
 e - a potion of curing {unknown}
 f - a potion of haste {unknown}
 m - 2 potions of lignification {unknown}
 p - a potion of ambrosia {unknown}
 r - 2 potions of heal wounds {unknown}
Books
 c - a book of Geomancy

   Spells                             Type                      Level
   a - Sandblast                      Earth                        1
   b - Stoneskin                      Transmutation/Earth          2
   c - Passwall                       Transmutation/Earth          3
   d - Stone Arrow                    Conjuration/Earth            3
   e - Petrify                        Transmutation/Earth          4
   f - Lee's Rapid Deconstruction     Earth                        5
Comestibles
 d - a bread ration
 l - 2 meat rations
 o - a chunk of flesh


   Skills:
 + Level 0.0 Fighting
 - Level 0.1 Short Blades
 + Level 1.5 Dodging
 + Level 2.1 Stealth
 + Level 2.7 Spellcasting
 - Level 0.7 Transmutations
 + Level 4.2 Earth Magic


You had one spell level left.
You knew the following spells:

 Your Spells              Type           Power        Failure   Level  Hunger
a - Sandblast             Erth           ###...       4%          1    #......
b - Stoneskin             Trmt/Erth      ##......     12%         2    ##.....
c - Stone Arrow           Conj/Erth      #.....       28%         3    ###....


Dungeon Overview and Level Annotations

Branches:
Dungeon (3/15)

Altars:


Innate Abilities, Weirdness & Mutations

You are resistant to torment.
Your stone body is resilient (AC +3).
You are immune to poison.
You resist negative energy.
You are resistant to electric shocks.
You can survive without breathing.
You are immune to petrification.
You are immune to rotting.


Message History

Press: ? - help, Shift-Dir - straight line, f - bat
Aim: a bat The blast of sand misses the bat.
The bat barely misses you. The bat hits you but does no damage.
Casting: Sandblast
Confirm with . or Enter, or press ? or * to list all spells.
Aiming: Sandblast
Press: ? - help, Shift-Dir - straight line, f/p - bat
Aim: a bat The blast of sand hits the bat.
You kill the bat!
Okay, then.
Memorise Stone Arrow, consuming 3 spell levels and leaving 1?
You start memorising the spell.
You continue memorising.
You continue memorising.
The rat barely misses you.
You continue memorising.
The rat barely misses you.
You finish memorising.
Spell assigned to 'c'.
Are you sure you want to abandon this character and quit the game? (Confirm with "yes".)

####
##...##
##⌠.<.⌠##
#.......#
#.@r⌠.>.#
#.......#
##⌠...⌠##
##...##
#+##


You could see a rat.

Vanquished Creatures
  A ball python (D:1)
  A bat (D:3)
  2 giant cockroaches
  5 hobgoblins (D:1)
  4 jackals (D:1)
  2 giant newts (D:1)
  3 goblins
  2 kobolds (D:1)
  2 rats (D:1)
22 creatures vanquished.

Notes
Turn   | Place    | Note
--------------------------------------------------------------
     0 | D:1      | Gargoyl the Gargoyle Earth Elementalist began the quest for the Orb.
     0 | D:1      | Reached XP level 1. HP: 10/10 MP: 3/3
   474 | D:1      | Reached XP level 2. HP: 15/15 MP: 3/5
   478 | D:1      | Learned a level 2 spell: Stoneskin
   505 | D:1      | Reached skill level 4 in Earth Magic
  1120 | D:3      | Reached XP level 3. HP: 19/19 MP: 7/7
  1127 | D:3      | Learned a level 3 spell: Stone Arrow
  1127 | D:3      | Quit the game

Action                   || total
-------------------------++-------
Melee: Short sword       ||    21
 Cast: Sandblast         ||    32
 Stab: Sleeping          ||     2
  Eat: Chunk             ||     1
